Map: 16-Bit LE

Players

Juxtapose

  • Race: Terran Terran
  • League: Platinum
  • Spawn Location: 7:00

CruzALong - Winner!

  • Race: Terran Terran
  • League: Platinum
  • Spawn Location: 1:00

VOD

https://youtu.be/cy2GvWnYaPc

Description

My opponent's Banshee harass was very well done; I honestly wasn't sure on how to properly handle that, or how to ultimately crack his turtle.

Should I face something like this again, I suspect more Missile Turrets, and going Vikings, Banshees, and Ravens as a response might fair better.

Time

  • Played on: July 29, 2018, 1:25 p.m.
  • Length: 18:57
Show
View Real Time Build Order
Export as new Build Order

Juxtapose Terran 

Build Orders:  

Get SALT Encoding   

  12  0:01  SCV  
  13  0:13  SCV  
  14  0:22  Supply Depot  
  14  0:25  SCV  
  15  0:44  SCV  
  15  0:47  Barracks  
  16  0:52  Supply Depot  
  16  0:56  SCV  
  17  1:02  Refinery  
  17  1:08  SCV  
  18  1:20  SCV  
  20  1:35  Orbital Command  
  20  1:36  Marine  
  20  1:45  Refinery  
  20  1:56  Barracks Reactor  
  20  2:10  SCV  
  20  2:14  Engineering Bay  
  21  2:17  Supply Depot  
  21  2:22  SCV  
  22  2:27  Factory  
  22  2:32  Marine x2  
  22  2:37  SCV  
  25  2:48  Terran Infantry Weapons Level 1  
  25  2:49  SCV  
  25  2:50  Marine x2  
  28  3:03  Missile Turret, SCV  
  29  3:09  Marine x2  
  29  3:11  Factory Tech Lab  
  31  3:15  SCV  
  31  3:17  Supply Depot  
  32  3:30  Barracks  
  32  3:33  Siege Tank, Marine  
  36  3:35  Marine  
  37  3:50  Supply Depot  
  37  4:00  Marine x2  
  39  4:06  Siege Tank  
  42  4:18  Barracks Tech Lab  
  42  4:26  Command Center  
  42  4:34  Starport  
  40  4:53  SCV  
  41  5:05  SCV  
  42  5:10  Terran Infantry Armor Level 1  
  42  5:11  Marine x2  
  44  5:19  Siege Tank  
  47  5:30  Viking  
  47  5:32  Marine x2  
  48  5:48  SCV  
  47  5:54  Siege Tank  
  50  5:57  Marine x2  
  51  6:12  Starport Tech Lab  
  50  6:43  Supply Depot  
  50  6:45  Supply Depot  
  50  7:04  Raven  
  49  7:30  Marine x2  
  49  7:32  Stimpack  
  49  7:33  Marauder  
  53  7:40  Supply Depot  
  53  7:47  Viking  
  53  7:50  Command Center  
  55  7:53  Command Center  
  55  7:54  Marine, Marauder  
  55  7:55  Marine  
  58  8:15  Missile Turret  
  58  8:17  Viking  
  58  8:19  Marine x2  
  62  8:32  Missile Turret  
  62  8:47  Medivac  
  41  9:11  Marine x3  
  44  9:17  Medivac  
  46  9:29  Marine x2, Marauder  
  50  9:43  Missile Turret  
  50  9:46  Marine  
  50  9:47  Medivac  
  50  9:50  Marine  
  50  9:51  Marauder  
  53  10:04  Marine  
  52  10:08  Marine  
  52  10:12  Marine  
  54  10:22  Marine  
  54  10:26  Marine  
  56  10:30  Marauder  
  58  10:36  Raven  
  58  10:40  Marine  
  59  10:44  Supply Depot, Marine  
  59  10:45  SCV  
  61  11:14  Missile Turret  
  61  11:20  Supply Depot  
  61  11:23  Supply Depot  
  61  11:27  Starport Tech Lab  
  55  11:38  Factory Tech Lab  
  55  11:41  Marine x3  
  59  11:49  Orbital Command  
  59  11:53  Refinery  
  58  11:59  Viking, Marine x2  
  62  12:17  Marine  
  62  12:20  Missile Turret  
  63  12:28  Siege Tank  
  63  12:29  Viking  
  68  12:31  Barracks Tech Lab  
  68  12:44  Supply Depot  
  68  13:05  Siege Tank  
  71  13:15  Building Armor  
  71  13:16  Supply Depot  
  71  13:17  Command Center  
  71  13:27  Marine  
  71  13:28  Marine  
  71  13:29  Combat Shields, Marauder  
  71  13:33  SCV  
  45  14:35  SCV  
  45  14:36  Command Center  
  46  14:43  Liberator  
  46  14:47  SCV  
  46  14:50  Siege Tank, Marine  
  46  14:51  Marine  
  54  14:52  Marauder  
  54  14:53  Concussive Shells  
  57  15:08  Marine x2  
  57  15:14  Marauder  
  61  15:19  Missile Turret  
  61  15:20  SCV  
  61  15:21  Refinery  
  62  15:22  Siege Tank  
  65  15:31  Marine x2, Liberator  
  65  15:32  SCV  
  68  15:44  SCV  
  68  15:49  Marine x2  
  73  15:56  SCV  
  75  16:01  Marine  
  76  16:07  Marine  
  77  16:19  Marauder  
  77  16:20  Marine  
  77  16:25  Marine  
  81  16:31  Orbital Command  
  81  16:38  Marine  
  82  16:41  Marauder  
  82  16:43  Marine  
  85  16:48  Medivac  
  87  16:59  SCV  
  88  17:02  Marauder  
  90  17:08  Marine x2  
  90  17:09  Starport  
  90  17:11  SCV  
  93  17:18  Medivac  
  95  17:23  SCV, Marauder  
  95  17:26  Marine x2  
  100  17:39  SCV  
  101  17:59  Supply Depot  
  101  18:00  Supply Depot  
  101  18:02  Refinery  
  101  18:04  Refinery  
  101  18:14  Armory  
  101  18:21  Medivac, SCV, Marine x2, Marauder  
  108  18:33  SCV  
Show
View Real Time Build Order
Export as new Build Order

CruzALong Terran - Winner!

Build Orders: Cyclone Opening, Mech 

Get SALT Encoding   

  12  0:01  SCV  
  13  0:13  SCV  
  14  0:29  Supply Depot  
  14  0:30  SCV  
  15  0:46  Refinery  
  15  0:52  Barracks  
  15  0:53  SCV  
  16  1:00  Supply Depot  
  16  1:05  SCV  
  17  1:17  SCV  
  17  1:18  Refinery  
  18  1:30  SCV  
  19  1:43  Orbital Command  
  19  1:47  Factory  
  19  1:51  Marine  
  20  2:09  SCV  
  20  2:11  Marine  
  22  2:21  SCV  
  23  2:29  Marine  
  23  2:32  Starport  
  24  2:38  Supply Depot  
  24  2:39  SCV  
  24  2:43  Cyclone  
  28  2:51  SCV, Marine  
  30  3:03  SCV  
  31  3:07  Starport Tech Lab  
  31  3:24  Factory Tech Lab  
  31  3:27  Command Center  
  31  3:35  Banshee  
  31  3:41  SCV  
  35  3:51  Marine  
  36  3:56  Supply Depot, Cloaking Field  
  36  4:07  Siege Tank  
  39  4:18  SCV, Engineering Bay  
  40  4:51  Siege Tank  
  43  4:53  SCV  
  43  4:54  Orbital Command  
  44  5:07  SCV  
  44  5:10  Banshee  
  48  5:19  SCV  
  49  5:22  Supply Depot  
  49  5:23  SCV  
  49  5:26  Missile Turret  
  49  5:27  Supply Depot  
  50  5:31  SCV  
  50  5:35  SCV  
  52  5:53  Banshee  
  55  6:14  SCV  
  55  6:15  SCV  
  55  6:17  Siege Tank  
  60  6:27  SCV  
  58  6:33  Supply Depot  
  58  6:36  Banshee  
  58  6:37  Supply Depot, Factory  
  58  6:39  Armory  
  61  6:41  Factory  
  61  6:57  Marine  
  62  7:15  Marine  
  63  7:19  Banshee  
  63  7:22  Factory Tech Lab  
  63  7:28  Starport  
  63  7:32  SCV x2  
  63  7:35  Refinery  
  63  7:36  Refinery  
  65  7:44  Factory Tech Lab, SCV x2  
  67  7:56  SCV x2  
  69  8:00  Siege Tank  
  69  8:01  Siege Tank  
  75  8:08  SCV, Viking  
  77  8:33  Banshee  
  80  8:36  Siege Tank  
  80  8:38  Viking  
  80  9:08  Viking, Barracks  
  80  9:10  SCV x2  
  82  9:23  Command Center  
  82  9:34  Supply Depot  
  82  9:36  Supply Depot  
  82  9:39  Supply Depot  
  82  9:54  Starport Reactor  
  82  10:00  Banshee  
  85  10:12  SCV x2  
  85  10:13  Siege Tank x2  
  93  10:24  SCV  
  94  10:28  Siege Tank  
  97  10:45  Siege Tank x2  
  100  11:11  Viking  
  100  11:12  Viking  
  98  11:35  SCV  
  98  11:36  SCV  
  98  11:37  Banshee  
  103  11:41  Siege Tank, Viking  
  103  11:42  Viking  
  110  11:50  Orbital Command  
  110  11:55  Refinery  
  110  11:58  Missile Turret  
  110  12:01  Missile Turret  
  110  12:02  Terran Vehicle Weapons Level 1  
  110  12:03  Refinery  
  110  12:04  Missile Turret  
  110  12:08  Armory  
  110  12:16  Viking x2  
  110  12:20  SCV x3  
  117  12:34  Supply Depot  
  117  12:35  Supply Depot  
  117  12:38  Supply Depot  
  117  12:46  SCV, Siege Tank, Marine, Banshee  
  117  12:47  Siege Tank  
  128  12:58  Supply Depot  
  120  13:04  Marine  
  121  13:06  Siege Tank  
  121  13:09  Viking x2  
  128  13:18  SCV, Siege Tank  
  128  13:19  SCV x2  
  134  13:24  Thor  
  140  13:30  SCV  
  140  13:31  SCV x2  
  143  13:38  Command Center  
  143  13:44  Missile Turret  
  143  13:46  Banshee  
  140  14:16  SCV x3  
  135  14:28  SCV x3, Banshee  
  141  14:39  Terran Vehicle Weapons Level 2, Terran Vehicle And Ship Armor Level 1, Command Center  
  141  14:40  SCV x3  
  144  14:52  SCV x2  
  145  14:53  SCV  
  147  15:02  Supply Depot  
  147  15:04  SCV  
  147  15:05  Supply Depot, SCV x2  
  150  15:08  Supply Depot  
  150  15:10  Orbital Command  
  150  15:14  Viking x2  
  150  15:16  SCV  
  150  15:17  SCV x2  
  150  15:18  Missile Turret  
  157  15:27  Armory  
  157  15:29  SCV x3  
  157  15:31  Siege Tank  
  157  15:32  Siege Tank x2  
  169  15:38  Missile Turret  
  169  15:39  Factory  
  169  15:40  Missile Turret, Factory  
  169  15:41  SCV  
  170  15:44  Viking  
  170  15:45  Viking x2  
  176  15:59  Refinery  
  176  16:03  Orbital Command  
  176  16:04  Refinery  
  176  16:20  Missile Turret  
  176  16:31  Thor x3  
  194  16:35  Factory Tech Lab x2  
  194  16:41  Missile Turret  
  194  16:45  Factory  
  194  16:50  Factory  
  192  16:54  Viking x3  
  198  17:01  Missile Turret  
  198  17:23  Missile Turret  
  198  17:24  Viking  
  200  17:45  Missile Turret  
  200  17:50  Missile Turret  
  197  17:53  Missile Turret  
  197  17:56  Missile Turret, Siege Tank  
  197  17:58  Missile Turret  
  200  17:59  Missile Turret  
  200  18:01  Refinery  
  200  18:02  Refinery  
  194  18:40  Factory Tech Lab x2  
  194  18:45  SCV  
Tags
 
Composition
Mech
Matchup
TvT
Race
Terran
Spawn Locations
Cross Positions
Add a new tag
Caveats
  • Supply blocks, unpowered buildings, or Contaminate may cause inaccurate times.
  • Supply counts are checked every 10 seconds.